 Dungeon Crawl Stone Soup version 0.29-a0-90-gc37658a0fe (webtiles) character file.

Game seed: 9238532587362410760

4288 Gildeon the Grappler (level 10, -6/89 (96) HPs)
             Began as a Troll Fighter on Feb 5, 2022.
             Was a Believer of Qazlal.
             Mangled by a wight (7 damage)
             ... on level 8 of the Dungeon on Feb 6, 2022.
             The game lasted 00:19:06 (6379 turns).

Gildeon the Grappler (Troll Fighter)                Turns: 6379, Time: 00:19:07

HP:   -6/89 (96)    AC:  5    Str: 32    XL:     10   Next: 10%
MP:   9/9           EV: 19    Int:  6    God:    Qazlal [**....]
Gold: 429           SH:  2    Dex: 11    Spells: 4/9 levels left

rFire   . . .      SeeInvis .     - Unarmed
rCold   . . .      Faith    .   (no shield)
rNeg    . . .      Spirit   .   a - +0 robe
rPois   .          Reflect  .   (helmet restricted)
rElec   .          Harm     .   o - +0 cloak
rCorr   .          Rampage  .   (gloves unavailable)
Will    .....                   (boots unavailable)
Stlth   +.........              (no amulet)
HPRegen 1.04/turn               v - ring of the Hare {EV+8}
MPRegen 0.11/turn               F - +6 ring of strength

@: lethally poisoned (-6 -> -9), studying Staves, drained
A: large, unfitting armour, claws 3, regeneration 1, shaggy fur 1, tough skin 1
a: Renounce Religion, Upheaval


You were on level 8 of the Dungeon.
You worshipped Qazlal.
Qazlal was pleased with you.
You visited 2 branches of the dungeon, and saw 9 of its levels.

You collected 452 gold pieces.
You spent 23 gold pieces at shops.

Inventory:

Hand Weapons
 t - a +7 dire flail
 D - a +4 war axe
Missiles
 m - 2 throwing nets (quivered)
 y - 19 poisoned darts
 z - 5 atropa-tipped darts
Armour
 a - a +0 robe (worn)
 o - a +0 cloak (worn)
Jewellery
 v - the ring of the Hare (left claw) {EV+8}
   (You found it on level 5 of the Dungeon)

   [ring of evasion]

   EV:        It affects your evasion (+8).
 E - a ring of flight
 F - a +6 ring of strength (right claw)
Wands
 s - a wand of acid (16)
 B - a wand of flame (8)
 H - a wand of iceblast (11)
Scrolls
 b - a scroll of blinking {unknown}
 d - a scroll of acquirement {unknown}
 f - a scroll of vulnerability
 g - 3 scrolls of teleportation
 j - 2 scrolls of fog
 k - a scroll of fear {unknown}
 r - a scroll of immolation {unknown}
 A - a scroll of noise {unknown}
 C - a scroll of magic mapping {unknown}
 G - a scroll of amnesia {unknown}
Potions
 c - 2 potions of might
 e - 3 potions of curing {unknown}
 h - a potion of heal wounds {unknown}
 i - a potion of degeneration {unknown}
 l - a potion of attraction {unknown}
 n - 4 potions of lignification
 p - a potion of mutation {unknown}
 q - 4 potions of haste
 u - 2 potions of resistance
 w - a potion of magic {unknown}
 x - a potion of cancellation {unknown}


   Skills:
 - Level 5.0 Fighting
 + Level 4.4 Maces & Flails
 - Level 5.0 Dodging
 - Level 2.4 Shields
 * Level 10.7 Unarmed Combat
 + Level 3.7 Translocations


You had 4 spell levels left.
You knew the following spells:

 Your Spells              Type           Power      Damage    Failure   Level
a - Blink                 Tloc           8%         N/A       17%         2
b - Spider Form           Tmut/Pois      0%         N/A       83%         3

Your spell library contained the following spells:

 Spells                   Type           Power      Damage    Failure   Level
 Gell's Gravitas          Tloc           4%         N/A       32%         3
 Lesser Beckoning         Tloc           4%         N/A       32%         3
 Teleport Other           Tloc           4%         N/A       32%         3
 Magic Dart               Conj           0%         1d3       45%         1
 Ensorcelled Hibernation  Hex/Ice        0%         N/A       58%         2
 Searing Ray              Conj           0%         2d4       58%         2
 Anguish                  Hex/Necr       0%         N/A       99%         4
 Fulminant Prism          Conj/Hex       0%         3d6       99%         4
 Petrify                  Tmut/Erth      0%         N/A       99%         4
 Manifold Assault         Tloc           4%         N/A       97%         5
 Metabolic Englaciation   Hex/Ice        0%         N/A       100%        5
 Statue Form              Tmut/Erth      0%         N/A       100%        6


Dungeon Overview and Level Annotations

Branches:
Dungeon (8/15)             Temple (1/1) D:5
   Lair: D:8-11

Altars:
Ashenzari
Cheibriados
Dithmenos
Fedhas
Gozag
Hepliaklqana
Kikubaaqudgha
Makhleb
Nemelex Xobeh
Okawaru
Qazlal
Ru
Sif Muna
Trog
Uskayaw
Wu Jian
Xom
Yredelemnul
Zin
The Shining One

Shops:
D:6 (


Innate Abilities, Weirdness & Mutations

You are too large for most types of armour.
You have claws for hands.
Your natural rate of healing is unusually fast.
You are covered in fur. (AC +1)
You have tough skin. (AC +1)


Message History

You feel very sick. The killer bee closely misses you.
The wight hits you from afar with a +4 trident!
* * * LOW HITPOINT WARNING * * *
You miss the killer bee.
The killer bee is moderately wounded.
You feel very sick. The killer bee closely misses you.
The killer bee stings you.
* * * LOW HITPOINT WARNING * * *
You are more poisoned.
The killer bee poisons you!
You mangle the killer bee!!
You kill the killer bee!
Qazlal accepts your kill.
You can now call upon nature to destroy your foes.
* * * LOW HITPOINT WARNING * * *
You feel very sick. The wight closely misses you.
You scratch the wight but do no damage.
* * * LOW HITPOINT WARNING * * *
You feel very sick. The wight misses you. The wight completely misses you.
You mangle the wight!!
You destroy the wight!
Qazlal accepts your kill.
You feel very sick.
The wight hits you from afar with a +4 trident.
* * * LOW HITPOINT WARNING * * *
You feel drained.
* * * LOW HITPOINT WARNING * * *
Okay, then.
* * * LOW HITPOINT WARNING * * *
You feel very sick. The wight completely misses you.
Items here: ))) [[[ ††.
You scratch the wight.
The wight is lightly damaged.
* * * LOW HITPOINT WARNING * * *
You feel sick. The wight hits you with a +4 trident!
You die...

#......# #. #.#.#### #.
#...# ####.#######.###
.............# # ##
#.###.##.##### # ##..##.
#.##.##.## #.
.......###.##.#...####.>
......z@.............+..
....######..........##..
. #.......##.###.
..........# ##
###.......# # #.........
#.......### ######.##


You could see a wight.

Vanquished Creatures
  A cyclops (D:7)
  An unseen horror (D:7)
  Prince Ribbit (D:8)
  A troll (D:8)
  A vampire (D:7)
  A steam dragon (D:6)
  A water moccasin (D:7)
  2 necrophages
  2 ice beasts
  A sky beast (D:6)
  An ogre (D:6)
  2 centaurs
  Blork the orc (D:5)
  2 phantoms
  2 kobold brigands (D:6)
  A wyvern zombie (D:7)
  2 scorpions
  8 killer bees
  5 wights
  2 howler monkeys (D:7)
  5 centaur zombies (D:7)
  3 hounds
  2 jellies
  2 centaur skeletons (D:4)
  4 orc priests
  Crazy Yiuf (D:5)
  3 bullfrog skeletons
  A gnoll shaman (D:5)
  2 iguanas (D:5)
  A killer bee zombie (D:7)
  A howler monkey zombie (D:5)
  7 gnolls
  6 adders
  2 howler monkey skeletons (D:7)
  2 white imps (D:6)
  2 ufetubi
  An adder skeleton (D:4)
  3 worms
  4 dart slugs
  30 orcs
  5 endoplasms
  4 giant cockroaches
  3 goblins
  4 hobgoblins
  7 jackals (D:2)
  4 quokkas
  6 ball pythons
  3 bats
  7 frilled lizards
  10 kobolds
  5 rats
178 creatures vanquished.

Notes
Turn   | Place    | Note
-------+----------+-------------------------------------------
     0 | D:1      | Gildeon the Troll Fighter began the quest for the Orb.
     0 | D:1      | Reached XP level 1. HP: 22/22 MP: 0/0
   237 | D:1      | Reached XP level 2. HP: 29/29 MP: 1/1
   744 | D:2      | Reached XP level 3. HP: 36/36 MP: 2/2
   747 | D:2      | Learned a level 2 spell: Blink
   841 | D:2      | Reached skill level 3 in Unarmed Combat
  1477 | D:2      | Reached XP level 4. HP: 42/44 MP: 3/3
  2258 | D:3      | Reached XP level 5. HP: 48/53 MP: 4/4
  2280 | D:3      | Upgraded the game from 0.29-a0-88-g03a7b78be7 to
                  | 0.29-a0-90-gc37658a0fe
  2306 | D:4      | Reached skill level 4 in Unarmed Combat
  2411 | D:4      | Found a shadowy altar of Dithmenos.
  2680 | D:4      | Noticed a centaur
  2690 | D:4      | Killed a centaur
  2691 | D:4      | Reached XP level 6. HP: 26/61 MP: 5/5
  2694 | D:4      | Reached skill level 5 in Unarmed Combat
  2754 | D:4      | Reached XP level 7. HP: 37/68 MP: 6/6
  2921 | D:5      | Entered Level 5 of the Dungeon
  2921 | D:5      | Noticed Blork the orc
  2931 | D:5      | Killed Blork the orc
  2985 | D:5      | Reached skill level 6 in Unarmed Combat
  3154 | D:5      | Found the ring of the Hare {EV+8}
  3582 | D:5      | Found a staircase to the Ecumenical Temple.
  3596 | D:5      | Reached XP level 8. HP: 75/79 MP: 7/7
  3601 | Temple   | Entered the Ecumenical Temple
  3614 | Temple   | Became a worshipper of Qazlal Stormbringer
  4031 | D:5      | Found a runed translucent door.
  4032 | D:5      | Noticed Crazy Yiuf
  4039 | D:5      | Killed Crazy Yiuf
  4165 | D:6      | Reached skill level 7 in Unarmed Combat
  4403 | D:6      | Found Puonnami's Weapon Shoppe.
  4415 | D:6      | Bought 2 poisoned darts for 9 gold pieces
  4415 | D:6      | Bought 2 atropa-tipped darts for 14 gold pieces
  4493 | D:6      | Reached skill level 5 in Fighting
  4493 | D:6      | Reached skill level 5 in Dodging
  4508 | D:6      | Reached skill level 8 in Unarmed Combat
  4571 | D:6      | Reached skill level 1 in Maces & Flails
  4602 | D:6      | Reached * piety under Qazlal
  4603 | D:6      | Reached skill level 1 in Translocations
  4622 | D:6      | Learned a level 3 spell: Spider Form
  4915 | D:6      | Found a hazy altar of Hepliaklqana.
  4921 | D:6      | Found a shimmering blue altar of Sif Muna.
  4924 | D:6      | Found a sacrificial altar of Ru.
  5278 | D:7      | Reached XP level 9. HP: 39/88 MP: 8/8
  5509 | D:7      | Reached skill level 9 in Unarmed Combat
  5510 | D:7      | Noticed a cyclops
  5525 | D:7      | Killed a cyclops
  5588 | D:7      | Killed an unseen horror
  5694 | D:7      | Reached skill level 10 in Unarmed Combat
  5861 | D:7      | Found a basalt altar of Yredelemnul.
  6250 | D:8      | Noticed a troll
  6256 | D:8      | Killed a troll
  6292 | D:8      | Noticed Prince Ribbit
  6296 | D:8      | Killed Prince Ribbit
  6297 | D:8      | Reached XP level 10. HP: 96/96 MP: 9/9
  6375 | D:8      | Reached ** piety under Qazlal
  6377 | D:8      | HP: 4/88 [wight (1)]
  6379 | D:8      | HP: 1/89 [poisoned by a killer bee]
  6379 | D:8      | Mangled by a wight

Illustrated notes

Levels and vault maps discovered:
D:1:      erik_arrival_orb_chamber, layout_loops_ring
D:2:      layout_loops_corners, st_stairs_12, grunt_decor_mini_mirrors
D:3:      layout_basic
D:4:      cheibrodos_barr_body, layout_cave_pools, grunt_dithmenos_smoke
D:5:      layout_loops_corners, minmay_temple_entry_stoned_glass,
          uniq_crazy_yiuf_cottage, uniq_blork_the_orc
D:6:      lemuel_ice_spiral_2, layout_basic, minmay_overflow_temple_star_quad,
          serial_shops, shop, eino_small_chamber_without_monster
D:7:      minmay_the_grid_four_pointed_star
          [minmay_the_grid_triangle_9x9_dagger,
          minmay_the_grid_triangle_9x9_minimal,
          minmay_the_grid_triangle_9x9_flanged_cone,
          minmay_the_grid_triangle_9x9_corrupted_corridor,
          minmay_the_grid_prize_trominoes], layout_gridville,
          nicolae_yredelemnul_corpse_copse
D:8:      layout_loops_corners, uniq_grum, uniq_prince_ribbit1
Temple:   regret_index_temple_waves

Skill      XL: |  1  2  3  4  5  6  7  8  9 |
---------------+----------------------------+-----
Unarmed Combat | 3 4 5 6 8 10 | 10.7
Dodging        | 3 4 5 |  5.0
Fighting       | 3 4 5 |  5.0
Maces & Flails | 1 4 |  4.4
Translocations | 1 3 |  3.7
Shields        | |  2.4

Action                   |  1- 3 |  4- 6 |  7- 9 | 10-12 || total
-------------------------+-------+-------+-------+-------++-------
Melee: Unarmed           |    94 |   161 |   307 |    20 ||   582
       Punch             |     2 |     6 |    14 |     1 ||    23
  Use: Scroll            |       |     1 |     8 |       ||     9
 Stab: Sleeping          |     2 |       |       |       ||     2
Armor: Robe              |    27 |    57 |    71 |     1 ||   156
Dodge: Dodged            |    39 |    91 |   252 |    23 ||   405
Block: Other             |       |       |     8 |     1 ||     9

Table legend: (Time is in decaauts)
 A = Elapsed time spent in this place.
 B = Non-inter-level travel time spent in this place.
 C = Inter-level travel time spent in this place.
 D = Time resting spent in this place.
 E = Time spent auto-exploring this place.
 F = Levels seen in this place.
 G = Mean time per level.
                   A        B        C        D        E       F      G
               +--------+--------+--------+--------+--------+-----+--------+
         Total |   6313 |   6015 |    298 |    167 |   4514 |   9 |  701.4 |
       Dungeon |   6144 |   5874 |    270 |    167 |   4395 |   8 |  768.0 |
        Temple |    168 |    140 |     28 |      0 |    119 |   1 |  168.0 |
               +--------+--------+--------+--------+--------+-----+--------+

Top non-repeatable levels by time:
     D:7: 1112 daAuts
     D:5: 1031 daAuts
     D:6: 966 daAuts
     D:2: 957 daAuts
     D:3: 693 daAuts
     D:1: 634 daAuts
     D:4: 618 daAuts
  Temple: 168 daAuts
     D:8: 129 daAuts
